[Event "NJSK 2026 Jeugd B"]
[Site "Helmond, Netherlands"]
[Date "2026.04.29"]
[Round "5.8"]
[White "Darie, Aden"]
[Black "Winter, Sven"]
[Result "0-1"]
[TimeControl "90min/40moves + 30min + 30sec/move"]
[WhiteTitle "-"]
[BlackTitle "-"]
[WhiteFideId "1094831"]
[BlackFideId "1092375"]
[WhiteElo "2150"]
[BlackElo "2013"]

1. e4 c6 2. d4 d5 3. e5 c5 4. dxc5 e6 5. Qh5 g6 6. Qh3 Nc6 7. Nf3 f6 8. Bb5 Bg7 9. Bf4 Qa5+ 10.
Nc3 Qb4 11. Bd2 Qxc5 12. Qg3 fxe5 13. Nxe5 Nge7 14. Bxc6+ bxc6 15. Nd3 Qb6 16. Qd6 Nf5 17. Qa3 Nd4 18. O-O-O Bf8 19. Qa4 Bg7 20.
Qa3 Qa6 21. Na4 Qc4 22. Nc3 Bf8 23. Qa5 Qa6 24. Qc7 Qb7 25. Qf4 Bg7 26. Ne5 Nf5 27. g4 Nd6 28. Na4 Rf8 29. Qe3 Qb5 30.
Nc3 Qb6 31. Qxb6 axb6 32. Nxc6 Bb7 33. Nb4 d4 34. Rhe1 dxc3 35. Rxe6+ Kf7 36. Rxd6 cxd2+ 37. R1xd2 Bh6 38. f4 Bxf4 39. Rd7+ Kg8 40. Rxb7 Bh6 41.
Kd1 Rae8 42. c4 Rf1+ 43. Kc2 Bxd2 44. Kxd2 Re4 45. Kc3 Rc1+ 46. Kb3 Re3+ 47. Ka4 Rxc4 48. Rxb6 Rxg4 49. Kb5 Rg2 50.
b3 Rxh2 51. Rd6 Rg2 52. Nd5 Rf3 53. a4 Rxb3+ 54. Kc6 Rc2+ 55. Kd7 Rb7+ 56. Kd8 Rf2 57. Nf6 Kg7 58. Nd7 Ra2 59. Nc5 Ra7 60.
Rd4 Ra5 61. Rc4 Ra7 62. Rf4 Re2 63. Rf1 Ra5 64. Rc1 h5 65. Kc7 Re5 66. Nd7 Re6 67. Rc4 Ra7+ 68. Kd8 Rd6 69. Rc7 Rxc7 70.
Kxc7 Rd1 71. a5 Ra1 72. Kb6 h4 73. Ne5 Kf6 74. Nf3 g5 75. a6 Kf5 76. Nd4+ Kg4 77. a7 h3 78. Nb3 Rxa7 0-1

[Event "NJSK 2026 Jeugd B"]
[Site "Helmond, Netherlands"]
[Date "2026.04.29"]
[Round "5.9"]
[White "Van Haaften, Jelle"]
[Black "Woldhuis, Marnik"]
[Result "1/2-1/2"]
[TimeControl "90min/40moves + 30min + 30sec/move"]
[WhiteTitle "-"]
[BlackTitle "-"]
[WhiteFideId "1096281"]
[BlackFideId "1087096"]
[WhiteElo "1882"]
[BlackElo "1939"]

1. d4 Nf6 2. c4 g6 3. Nc3 d5 4. cxd5 Nxd5 5. e4 Nxc3 6. bxc3 Bg7 7. Nf3 O-O 8. Be2 b6 9. O-O c5 10.
Be3 Bb7 11. e5 Nc6 12. Qb3 Qc7 13. e6 f5 14. dxc5 bxc5 15. Rad1 Rad8 16. Rd7 Rxd7 17. exd7+ Kh8 18. Ng5 Nd8 19.
Ne6 Nxe6 20. Qxe6 Qc6 21. Qxc6 Bxc6 22. Rd1 Rd8 23. Bxc5 Bxc3 24. Bxa7 Rxd7 25. Rxd7 Bxd7 26. f3 Kg7 27.
Kf2 Kf6 28. Ke3 e5 29. f4 exf4+ 30. Kxf4 Be5+ 31. Kf3 Bxh2 32. g3 Bc6+ 33. Kf2 f4 34. gxf4 Bxf4 35. Bf3 Bxf3 36. Kxf3 Bd6 37.
Be3 Ba3 38. Kg4 h5+ 39. Kh4 Kf5 40. Bd2 Be7+ 41. Kh3 Ba3 42. Kh4 Ke4 43. Bg5 Bb4 44. Bd8 Ba3 45. Kg5 Kf3 1/2-1/2

[Event "NJSK 2026 Jeugd B"]
[Site "Helmond, Netherlands"]
[Date "2026.04.29"]
[Round "5.10"]
[White "Yantur, Arda"]
[Black "Roebers, Bregje"]
[Result "1/2-1/2"]
[TimeControl "90min/40moves + 30min + 30sec/move"]
[WhiteTitle "-"]
[BlackTitle "-"]
[WhiteFideId "40102041"]
[BlackFideId "1085174"]
[WhiteElo "1750"]
[BlackElo "1945"]

1. e4 c5 2. c3 e6 3. d4 d5 4. exd5 exd5 5. Be3 cxd4 6. Bxd4 Nc6 7. Nf3 Nf6 8. Bxf6 Qxf6 9. Qxd5 Bd6 10.
Nbd2 O-O 11. Bd3 Re8+ 12. Ne4 Bf5 13. O-O Bxe4 14. Bxe4 Qf4 15. Rfe1 Qh6 16. g3 Qf6 17. Rad1 Bc7 18.
Qd3 g6 19. Nd4 Nxd4 20. Qxd4 Qxd4 21. Rxd4 Bb6 22. Rdd1 Rad8 23. Bf3 Rxe1+ 24. Rxe1 Rd2 25. Re2 Rxe2 26. Bxe2 Bc7 27. Kg2 Kf8 28. Kf3 Ke7 29. Ke4 Kd6 30.
g4 Kc6 31. h3 f6 32. f4 h6 33. Bd3 g5 34. fxg5 hxg5 35. Bc4 Kd6 36. Bd5 b6 37. b4 a5 38. bxa5 bxa5 39. c4 Bb6 40.
Kd3 Bc5 41. Kc3 Bb4+ 42. Kb3 Bd2 43. Ka4 Kc5 44. Be6 Bc3 45. Kb3 Be1 46. Kc2 Bg3 47. Kd3 Be5 48. Ke4 Bc3 49. Bd5 Bb2 50.
Kf3 Bc3 51. Kg3 Bb2 52. h4 gxh4+ 53. Kxh4 Bc3 54. Kh5 Bb2 55. Kg6 Be5 56. Bf7 Bc3 57. Kf5 Bb2 58. Bd5 Bc3 59. Ke6 Bb2 60.
Kd7 Bc3 61. Ke7 Bd4 62. Ke6 Bc3 63. Kf5 Bb2 64. g5 fxg5 65. Kxg5 Bc3 66. Kf5 Bh8 67. Ke4 Ba1 68. Kd3 Bf6 69.
Kc2 Bh4 70. Kb3 Be1 71. Ka4 Bb4 72. a3 Bd2 73. Kb3 Bc1 74. Ka2 Be3 75. Kb1 Bg5 76. Kc2 1/2-1/2

[Event "NJSK 2026 Jeugd B"]
[Site "Helmond, Netherlands"]
[Date "2026.04.30"]
[Round "6.1"]
[White "Aravindhan, Achyuth"]
[Black "Chua, Ethan"]
[Result "1/2-1/2"]
[TimeControl "90min/40moves + 30min + 30sec/move"]
[WhiteTitle "-"]
[BlackTitle "-"]
[WhiteFideId "1084216"]
[BlackFideId "1089250"]
[WhiteElo "2277"]
[BlackElo "2168"]

1. e4 e5 2. Nf3 Nc6 3. Bc4 Bc5 4.
d3 Nf6 5. a4 O-O 6. a5 a6 7. O-O d6 8. c3 Ba7 9. Be3 Be6 10. Bxe6 fxe6 11. Bxa7 Rxa7 12. Nbd2 Nh5 13. d4 Qf6 14.
Nc4 Raa8 15. Ne3 Nf4 16. g3 Qg6 17. Nh4 Nh3+ 18. Kg2 Nf4+ 1/2-1/2

[Event "NJSK 2026 Jeugd B"]
[Site "Helmond, Netherlands"]
[Date "2026.04.30"]
[Round "6.2"]
[White "Groenewoud, Joel"]
[Black "Kurt, Sascha"]
[Result "0-1"]
[TimeControl "90min/40moves + 30min + 30sec/move"]
[WhiteTitle "-"]
[BlackTitle "-"]
[WhiteFideId "1087746"]
[BlackFideId "1082647"]
[WhiteElo "2114"]
[BlackElo "2280"]

1. e4 c5 2. Nf3 d6 3. d4 cxd4 4. Nxd4 Nf6 5. Nc3 a6 6. g3 e5 7. Nde2 Be7 8. Bg2 O-O 9. O-O b5 10.
Nd5 Nxd5 11. Qxd5 Ra7 12. Be3 Rb7 13. Qd3 Nd7 14. Nc3 Nf6 15. b3 Be6 16. a4 Qd7 17. axb5 axb5 18. Ra6 h6 19.
Rfa1 Rc8 20. Ra7 Ng4 21. Rxb7 Qxb7 22. Ra7 Qc6 23. Nd5 Bd8 24. Nb4 Qe8 25. Bf1 Nxe3 26. Qxe3 Rb8 27. Qd3 Bb6 28.
Ra6 Qc8 29. Qd2 Bc5 30. Rc6 Qd7 31. Nd5 Kh8 32. Ra6 Qb7 33. Ra2 b4 34. Bc4 Rf8 35. Ra1 f5 36. Nf4 exf4 37. Bxe6 fxe4 38.
gxf4 e3 39. Qd5 exf2+ 40. Kg2 Qxd5+ 41. Bxd5 Rxf4 42. Bc4 Rg4+ 43. Kf3 Rg1 44. Bf1 g6 45. Ke2 Rg5 46. Ra8+ Kg7 47. Rb8 Kf6 48.
Rf8+ Ke5 49. Rf3 Rg4 50. Rf8 Re4+ 51. Kf3 Re1 52. Kg2 Rc1 53. Re8+ Kf6 54. Re2 g5 55. Rd2 g4 56. Rd5 Kg6 57.
Rd3 h5 58. h3 Kg5 59. hxg4 hxg4 60. Rd5+ Kf4 61. Rh5 Rxc2 62. Rf5+ Kxf5 63. Bd3+ Kf4 64. Bxc2 Ke3 65. Bf5 Ke2 66.
Kh2 f1=N 0-1

[Event "NJSK 2026 Jeugd B"]
[Site "Helmond, Netherlands"]
[Date "2026.04.30"]
[Round "6.3"]
[White "De Jong, Lode"]
[Black "Grooten, Tommy"]
[Result "1-0"]
[TimeControl "90min/40moves + 30min + 30sec/move"]
[WhiteTitle "-"]
[BlackTitle "-"]
[WhiteFideId "40101860"]
[BlackFideId "1068806"]
[WhiteElo "1902"]
[BlackElo "2347"]

1. d4 d5 2. c4 e6 3. Nf3 Nf6 4. g3 Be7 5. Bg2 Ne4 6. O-O f5 7. b3 Nc6 8. Bb2 h5 9. Nc3 h4 10.
Ne5 hxg3 11. hxg3 Nxe5 12. dxe5 Nxg3 13. fxg3 Bc5+ 14. Rf2 f4 15. gxf4 Bxf2+ 16. Kxf2 d4 17. Ne4 Qh4+ 18. Kf3 O-O 19.
Qd2 g5 20. Nf6+ Rxf6 21. exf6 e5 22. fxe5 Bg4+ 23. Ke4 Bxe2+ 24. Kd5 Qg4 25. Kc5 b6+ 26. Kb4 Qxg2 27. Re1 d3 28. e6 Qg3 29.
Rxe2 dxe2 30. Qxe2 a5+ 31. Ka4 b5+ 32. cxb5 Qf4+ 33. Qc4 Qxc4+ 34. bxc4 g4 35.
Be5 Kh7 36. c5 g3 37. Bxg3 Kg6 38. Bxc7 1-0

[Event "NJSK 2026 Jeugd B"]
[Site "Helmond, Netherlands"]
[Date "2026.04.30"]
[Round "6.4"]
[White "Teianu, Maxim"]
[Black "Baarspul, Bram"]
[Result "1/2-1/2"]
[TimeControl "90min/40moves + 30min + 30sec/move"]
[WhiteTitle "-"]
[BlackTitle "-"]
[WhiteFideId "40101967"]
[BlackFideId "40106187"]
[WhiteElo "2024"]
[BlackElo "2177"]

1. d4 Nf6 2. c4 e6 3. Nf3 d5 4. Nc3 c5 5. cxd5 Nxd5 6. e4 Nxc3 7. bxc3 cxd4 8. cxd4 Bb4+ 9. Bd2 Bxd2+ 10. Qxd2 O-O 11. Bc4 Nd7 12. O-O b6 13. Rad1 Bb7 14. Rfe1 h6 15. h3 Rc8 16. Bb3 Nf6 17. Qf4 Qc7 18.
Ne5 Nd7 19. Qg3 Nxe5 20. dxe5 b5 21. Qf4 a5 22. Rd3 a4 23. Bd1 Qc1 24. Rde3 Qd2 25. Bh5 b4 26. Kh2 b3 27. axb3 axb3 28.
Rd1 Qc2 29. Rd7 b2 30. Rg3 Bxe4 31. Rxf7 g6 32. Qxh6 Rxf7 33. Bxg6 Bxg6 34. Rxg6+ Qxg6 35. Qxg6+ Kf8 36. Qh6+ Ke7 37.
Qg5+ Kf8 38. Qh6+ Ke7 39. Qg5+ 1/2-1/2

[Event "NJSK 2026 Jeugd B"]
[Site "Helmond, Netherlands"]
[Date "2026.04.30"]
[Round "6.5"]
[White "Zecha, Oscar"]
[Black "Frederiks, Jesse"]
[Result "1/2-1/2"]
[TimeControl "90min/40moves + 30min + 30sec/move"]
[WhiteTitle "-"]
[BlackTitle "-"]
[WhiteFideId "1073826"]
[BlackFideId "1095790"]
[WhiteElo "2120"]
[BlackElo "2018"]

1. e4 e5 2. Nf3 Nc6 3. Bb5 a6 4. Ba4 Nf6 5. O-O Be7 6. Re1 b5 7. Bb3 O-O 8. a4 Bb7 9. d3 d6 10.
Nbd2 Nd7 11. c3 Nc5 12. Bc2 Nxa4 13. Bxa4 bxa4 14. Qxa4 Kh8 15. Nf1 f5 16. exf5 Rxf5 17. Qg4 Bc8 18.
Qc4 Bb7 19. Qg4 Bc8 20. Qc4 Bb7 21. Ne3 Rf4 22. Qe6 Rf6 23. Qg4 Rg6 24. Qh5 Bc8 25. Nf5 Qf8 26. N5h4 Re6 27. Ng5 Bxg5 28.
Bxg5 Rb8 29. b4 Qe8 30. Qxe8+ Rxe8 31. Nf3 Bb7 32. Nd2 h6 33. Be3 Ne7 34. Ne4 Nd5 35. Bd2 Kh7 36. f3 Kg6 37.
Ra5 Nf6 38. Rb1 Bc6 39. c4 Nxe4 40. dxe4 Ra8 41. Bc3 Kf7 42. Kf2 Ke6 43. Ke3 g6 44. h4 Rf8 45. Rg1 Bb7 46. g3 Rf7 47.
f4 Raf8 48. Rf1 Kd7 49. Rf2 h5 50. Raa2 Ke6 51. Ra5 Kd7 52. Be1 Re8 53. fxe5 Rxf2 54. Bxf2 Rxe5 1/2-1/2

[Event "NJSK 2026 Jeugd B"]
[Site "Helmond, Netherlands"]
[Date "2026.04.30"]
[Round "6.6"]
[White "Winter, Sven"]
[Black "Hallibert, Emilien"]
[Result "1-0"]
[TimeControl "90min/40moves + 30min + 30sec/move"]
[WhiteTitle "-"]
[BlackTitle "-"]
[WhiteFideId "1092375"]
[BlackFideId "1092561"]
[WhiteElo "2013"]
[BlackElo "1975"]

1. e4 c5 2. Nf3 d6 3. d4 cxd4 4. Nxd4 Nf6 5. Nc3 a6 6. Bg5 e6 7. Qe2 Be7 8. f4 h6 9. Bxf6 Bxf6 10.
O-O-O Qc7 11. Qd3 Nd7 12. Nb3 Bxc3 13. bxc3 Nf6 14. g4 e5 15. g5 Ng4 16. Qd2 exf4 17. gxh6 Rxh6 18. Qxf4 Rf6 19.
Qg3 Nf2 20. Qxg7 Qxc3 21. Rd4 Qe3+ 22. Kb2 Rg6 23. Qh8+ Ke7 24. Rc4 Qb6 25. Rxc8 Rxc8 26. Qxc8 Nxh1 27. a4 Nf2 28. Qh8 Nd1+ 29.
Kc1 Qg1 30. Qh4+ Rf6 31. e5 dxe5 32. Qb4+ Ke8 33. Bc4 Rc6 34. Bxf7+ Kd8 35. Qd2+ Kc7 36. Qxd1 Qxd1+ 37. Kxd1 Rh6 38. Nd2 Rxh2 39. Bd5 Rh4 40.
Be4 b6 41. c3 Kd6 42. Kc2 Rh2 43. Kd3 Rh3+ 44. Bf3 Rh8 45. Nc4+ Kc5 46. Nxe5 Rd8+ 47. Kc2 a5 48. Nd3+ Kd6 49.
Bb7 Rh8 50. Bf3 Rd8 51. Nb2 Rf8 52. Nc4+ Kc5 53. Nd2 Rf4 54. Be4 Rh4 55. Kd3 Rh3+ 56. Bf3 Kd6 57. Kd4 Kc7 58. Bd5 Rh4+ 59.
Ne4 Rh3 60. c4 Rh5 61. Nc3 Rh4+ 62. Be4 Rh6 63. c5 bxc5+ 64. Kxc5 Ra6 65. Kb5 Ra7 66. Bd5 Kd6 67. Kb6 Rh7 68.
Bc6 Rh4 69. Nb5 Ke7 70. Kxa5 Kd8 71. Bd5 Kc8 72. Nc3 Rxa4+ 73. Kxa4 Kd7 74. Ne4 Ke7 75. Kb4 Kf8 76. Kc5 Kg7 77.
Kd6 Kg6 78. Ke5 Kg7 79. Kf5 Kh6 80. Ng5 Kg7 81. Nf7 Kg8 82. Kf6 Kh7 83. Ne5 Kh8 84. Ng6+ Kh7 85. Bc4 Kh6 86. Bg8 Kh5 87.
Ne5 Kh4 88. Kf5 Kg3 89. Bc4 Kf2 90. Ke4 Ke1 91. Kd3 Kf2 92. Kd2 Kg3 93. Ke3 Kh4 94. Nf7 Kh5 95. Bd3 Kg4 96. Be4 Kh4 97.
Kf3 Kh5 98. Bd3 Kh4 99. Kf4 Kh3 100. Bf1+ Kh4 101. Be2 Kh3 102. Ne5 Kg2 103. Nd3 Kh3 104. Ne1 Kh4 105. Bf3 Kh3 106.
Ng2 Kh2 107. Ke3 Kg3 108. Ke2 Kh2 109. Kf2 Kh3 110. Be2 Kh2 111. Bg4 Kh1 112. Ne3 Kh2 113. Nf1 1-0

[Event "NJSK 2026 Jeugd B"]
[Site "Helmond, Netherlands"]
[Date "2026.04.30"]
[Round "6.7"]
[White "Wierenga, Luuk"]
[Black "Etienne, Ghilon"]
[Result "1/2-1/2"]
[TimeControl "90min/40moves + 30min + 30sec/move"]
[WhiteTitle "-"]
[BlackTitle "-"]
[WhiteFideId "1094874"]
[BlackFideId "1084267"]
[WhiteElo "1977"]
[BlackElo "1976"]

1. d4 Nf6 2. Nf3 g6 3. Bg5 Bg7 4. Nbd2 d5 5. e3 h6 6. Bf4 O-O 7. Be2 c5 8. O-O Nc6 9. dxc5 Nh5 10.
c3 Nxf4 11. exf4 d4 12. cxd4 Nxd4 13. Nb3 Nxf3+ 14. Bxf3 Bxb2 15. Qxd8 Rxd8 16. Rad1 Rf8 17. Rb1 Ba3 18. Rfe1 Bf5 19.
Be4 Bxe4 20. Rxe4 b6 21. c6 Rfc8 22. Ra4 Bd6 23. Rc1 Rc7 24. g3 Rac8 25. Kg2 Rxc6 1/2-1/2

[Event "NJSK 2026 Jeugd B"]
[Site "Helmond, Netherlands"]
[Date "2026.04.30"]
[Round "6.8"]
[White "Roebers, Bregje"]
[Black "Woldhuis, Marnik"]
[Result "1-0"]
[TimeControl "90min/40moves + 30min + 30sec/move"]
[WhiteTitle "-"]
[BlackTitle "-"]
[WhiteFideId "1085174"]
[BlackFideId "1087096"]
[WhiteElo "1945"]
[BlackElo "1939"]

1. e4 c5 2. Nf3 Nf6 3. d3 d5 4. Nbd2 Nc6 5. g3 e5 6. exd5 Nxd5 7. Bg2 Be6 8. O-O Be7 9. Re1 f6 10.
c3 Nc7 11. Nb3 c4 12. dxc4 Bxc4 13. Nfd2 Bf7 14. Ne4 Ne6 15. Be3 Qc7 16. Nbc5 O-O 17. Qa4 Rac8 18. Rad1 Rfd8 19. Bh3 Rxd1 20.
Rxd1 Nxc5 21. Nxc5 Bxc5 22. Bxc8 Bxe3 23. Qg4 Bc5 24. Be6 Nd8 25. Rd7 Qb6 26. Bxf7+ Nxf7 27. Qc4 Bxf2+ 28. Kf1 Kh8 29.
Qc8+ 1-0

[Event "NJSK 2026 Jeugd B"]
[Site "Helmond, Netherlands"]
[Date "2026.04.30"]
[Round "6.9"]
[White "Van Haaften, Jelle"]
[Black "Okita, Shinsaku"]
[Result "1-0"]
[TimeControl "90min/40moves + 30min + 30sec/move"]
[WhiteTitle "-"]
[BlackTitle "-"]
[WhiteFideId "1096281"]
[BlackFideId "1094823"]
[WhiteElo "1882"]
[BlackElo "1899"]

1. d4 d5 2. c4 c6 3. Nf3 Nf6 4. Nc3 dxc4 5. Bg5 b5 6. g3 e6 7. Bg2 b4 8. Ne4 Be7 9. Ne5 Nxe4 10.
Bxe7 Qxe7 11. Bxe4 Bb7 12. Qc2 Nd7 13. Nxc4 Nf6 14. Bf3 O-O 15. O-O Rfd8 16. Na5 Rxd4 17. Rac1 Rad8 18. Nb3 R4d7 19. Qc4 e5 20. Bxc6 Rc7 21. Qb5 Kf8 22. Na5 Bc8 23. Rfd1 Rd6 24. Kg2 Bf5 25. Qb8+ Bc8 26.
Bb7 Rxd1 27. Rxc7 Rd8 1-0

[Event "NJSK 2026 Jeugd B"]
[Site "Helmond, Netherlands"]
[Date "2026.04.30"]
[Round "6.10"]
[White "Darie, Aden"]
[Black "Yantur, Arda"]
[Result "1/2-1/2"]
[TimeControl "90min/40moves + 30min + 30sec/move"]
[WhiteTitle "-"]
[BlackTitle "-"]
[WhiteFideId "1094831"]
[BlackFideId "40102041"]
[WhiteElo "2150"]
[BlackElo "1750"]

1. d4 Nf6 2. c4 g6 3. Nc3 Bg7 4. e4 d6 5. h3 O-O 6. Nf3 e5 7. dxe5 dxe5 8. Bg5 Qxd1+ 9. Rxd1 c6 10.
Nxe5 Nxe4 11. Nxe4 Bxe5 12. Nf6+ Kg7 13. Ng4 Bxg4 14. hxg4 Re8 15. Kd2 Bxb2 16. Rb1 Bd4 17. Rxb7 c5 18.
Bd3 Nc6 19. f4 Be3+ 20. Kc3 Bd4+ 21. Kd2 Be3+ 22. Kc3 1/2-1/2

[Event "NJSK 2026 Jeugd B"]
[Site "Helmond, Netherlands"]
[Date "2026.05.01"]
[Round "7.1"]
[White "Chua, Ethan"]
[Black "De Jong, Lode"]
[Result "1/2-1/2"]
[TimeControl "90min/40moves + 30min + 30sec/move"]
[WhiteTitle "-"]
[BlackTitle "-"]
[WhiteFideId "1089250"]
[BlackFideId "40101860"]
[WhiteElo "2168"]
[BlackElo "1902"]

1. c4 Nf6 2. Nc3 e6 3. e4 d5 4. cxd5 exd5 5. e5 d4 6. exf6 dxc3 7. Qe2+ Be6 8. dxc3 Qxf6 9. Nf3 Nd7 10.
Qb5 Bc5 11. Qxb7 O-O 12. Be2 Rfe8 13. O-O Rab8 14. Qxc7 Bg4 15. Qg3 1/2-1/2

[Event "NJSK 2026 Jeugd B"]
[Site "Helmond, Netherlands"]
[Date "2026.05.01"]
[Round "7.2"]
[White "Kurt, Sascha"]
[Black "Aravindhan, Achyuth"]
[Result "1/2-1/2"]
[TimeControl "90min/40moves + 30min + 30sec/move"]
[WhiteTitle "-"]
[BlackTitle "-"]
[WhiteFideId "1082647"]
[BlackFideId "1084216"]
[WhiteElo "2280"]
[BlackElo "2277"]

1. e4 c5 2. Nf3 Nc6 3. Bb5 g6 4.
O-O Bg7 5. c3 a6 6. Bxc6 dxc6 7. h3 Nf6 8. Qe2 O-O 9. d4 cxd4 10. cxd4 Qc7 11. Nc3 Rd8 12. a4 b6 13. Be3 c5 14.
Qc4 Bb7 15. d5 Qd7 16. Rad1 e6 17. d6 b5 18. Qxc5 Nxe4 19. Nxe4 Bxe4 20. Ne5 Qb7 21. f3 Bd5 22. Bd4 1/2-1/2

[Event "NJSK 2026 Jeugd B"]
[Site "Helmond, Netherlands"]
[Date "2026.05.01"]
[Round "7.3"]
[White "Baarspul, Bram"]
[Black "Winter, Sven"]
[Result "1-0"]
[TimeControl "90min/40moves + 30min + 30sec/move"]
[WhiteTitle "-"]
[BlackTitle "-"]
[WhiteFideId "40106187"]
[BlackFideId "1092375"]
[WhiteElo "2177"]
[BlackElo "2013"]

1. e4 c6 2. d4 d5 3. e5 c5 4. Nf3 Nc6 5. dxc5 Bg4 6. c3 e6 7. Be3 Bxf3 8. Qxf3 Nxe5 9. Bb5+ Nc6 10.
Nd2 Be7 11. Qg3 Bf6 12. Nf3 Nge7 13. Ne5 O-O 14. Ng4 Nf5 15. Nxf6+ Qxf6 16. Qf3 Ne5 17. Qe2 a6 18. Ba4 Nc4 19.
Bc1 Rac8 20. g4 Nh4 21. f4 Qe7 22. b3 Na5 23. Be3 b5 24. cxb6 Rxc3 25. O-O Rfc8 26. Bd2 Qc5+ 27. Kh1 d4 28.
Qe4 Rd3 29. Rac1 Qf8 30. Rxc8 Qxc8 31. Bxa5 Rf3 32. Rxf3 f5 33. Qc6 1-0

[Event "NJSK 2026 Jeugd B"]
[Site "Helmond, Netherlands"]
[Date "2026.05.01"]
[Round "7.4"]
[White "Teianu, Maxim"]
[Black "Zecha, Oscar"]
[Result "0-1"]
[TimeControl "90min/40moves + 30min + 30sec/move"]
[WhiteTitle "-"]
[BlackTitle "-"]
[WhiteFideId "40101967"]
[BlackFideId "1073826"]
[WhiteElo "2024"]
[BlackElo "2120"]

1. d4 Nf6 2. c4 e6 3. Nf3 d5 4. Nc3 Bb4 5. cxd5 exd5 6. Bg5 h6 7. Bh4 g5 8. Bg3 Ne4 9. Nd2 Nxg3 10.
hxg3 c6 11. Qc2 Be6 12. a3 Be7 13. O-O-O Nd7 14. e4 Qb6 15. exd5 cxd5 16. Nb5 Kd8 17. f4 Rc8 18. Nc3 Nf6 19.
Be2 Ng4 20. Bxg4 Bxg4 21. Nf3 gxf4 22. gxf4 Qf6 23. Qb3 Kc7 24. Kb1 Kb8 25. Rde1 Rhg8 26. Nxd5 Qg6+ 27. Ka1 Bd6 28. Ne7 Bxe7 29.
Rxe7 Qb6 30. Qxb6 axb6 31. Re2 Rc4 32. d5 Rxf4 33. Rxh6 Rd8 34. Rxb6 Rxd5 35. Kb1 Bf5+ 36. Ka2 Be6 37.
b3 Kc7 38. Rb4 Rxb4 39. axb4 Rd3 40.
Nd2 Bd5 41. Ne4 Rxb3 42. Nf6 Bc4 43. Rc2 Rxb4+ 44. Ka1 Kd6 45. Ne4+ Ke5 46. Ng5 Ra4+ 47. Kb2 Ra2+ 48. Kc3 Rxc2+ 49. Kxc2 Bd5 50. g3 Kf5 51.
Nh3 Kg4 52. Nf4 Be4+ 53. Kc3 Kxg3 54.
Nh5 Kg4 55. Nf6+ Kf5 56. Nd7 Bc6 57. Nc5 Ke5 58. Kd3 f5 59. Nb3 f4 60. Nd4 Be4+ 61. Kc3 f3 62. Nb3 f2 63. Nd2 Bg2 64.
Kb4 f1=Q 65. Nxf1 Bxf1 66. Kc5 b5 67. Kb4 Kd4 68. Kb3 Ke5 0-1

[Event "NJSK 2026 Jeugd B"]
[Site "Helmond, Netherlands"]
[Date "2026.05.01"]
[Round "7.5"]
[White "Frederiks, Jesse"]
[Black "Groenewoud, Joel"]
[Result "0-1"]
[TimeControl "90min/40moves + 30min + 30sec/move"]
[WhiteTitle "-"]
[BlackTitle "-"]
[WhiteFideId "1095790"]
[BlackFideId "1087746"]
[WhiteElo "2018"]
[BlackElo "2114"]

1. e4 c6 2. d4 d5 3. f3 e6 4. Bd3 c5 5. c3 Nc6 6. Ne2 cxd4 7. cxd4 dxe4 8. fxe4 Nf6 9. Nbc3 Be7 10.
O-O O-O 11. e5 Nd5 12. Bb1 f5 13. exf6 Rxf6 14. Rxf6 Bxf6 15. Qd3 g6 16. a3 Qb6 17. Kh1 Bxd4 18. Nxd5 exd5 19. Ba2 Bf5 20.
Bxd5+ Kg7 21. Qd2 Be5 22. Ng3 Nd4 23. Qh6+ Kh8 24. Be3 Qxb2 25. Rf1 Bg7 26. Qh4 Bd3 27. Bxd4 Bxd4 28. Rd1 Bf6 29.
Qf4 Ba6 30. Ne4 Be5 31. Qg5 Re8 32. Bf7 Rf8 33. Qe7 Bg7 34. Ng5 Qf6 35. Qc5 h6 36. Ne6 Rxf7 37. Qc8+ Kh7 38. h3 Bb5 39.
Rg1 Bd7 40. Nf8+ Bxf8 41. Qxb7 Bd6 42. Qxa7 Qf4 43. g3 Bc6+ 44. Kh2 Qd2+ 45. Rg2 Qxg2# 0-1

[Event "NJSK 2026 Jeugd B"]
[Site "Helmond, Netherlands"]
[Date "2026.05.01"]
[Round "7.6"]
[White "Grooten, Tommy"]
[Black "Wierenga, Luuk"]
[Result "1-0"]
[TimeControl "90min/40moves + 30min + 30sec/move"]
[WhiteTitle "-"]
[BlackTitle "-"]
[WhiteFideId "1068806"]
[BlackFideId "1094874"]
[WhiteElo "2347"]
[BlackElo "1977"]

1. Nf3 d5 2. g3 Nf6 3. Bg2 c6 4. O-O Bf5 5. d3 h6 6. Nbd2 e6 7. c4 Be7 8. Qb3 Qb6 9. cxd5 Qxb3 10.
Nxb3 exd5 11. Be3 a5 12. Nc5 Bc8 13. Rac1 Nbd7 14. Na4 Ng4 15. Bd4 Bf6 16. Bh3 Bxd4 17. Nxd4 Ngf6 18. Rfe1 O-O 19.
Nf5 Kh7 20. Nd6 Kg8 21. Nc5 Nxc5 22. Bxc8 Rd8 23. Rxc5 Rxd6 24. Bxb7 Rb8 25. Bxc6 Rxb2 26. a4 Ra2 27. Bb5 Re6 28.
Kf1 h5 29. Rc8+ Kh7 30. h3 h4 31. g4 Ng8 32. Ra8 Ne7 33. Rxa5 f5 34. Bd7 Re5 35. e3 fxg4 36. Bxg4 Nc6 37.
Rc5 Nb4 38. d4 Re7 39. Rb1 Rf7 40. Be2 Rxa4 41. Rb5 Nc6 42. Rxd5 g6 43. Rd6 Nb4 44. Rb6 Nd5 45. Rb7 Ra7 46.
Rxa7 Rxa7 47. Bf3 1-0

[Event "NJSK 2026 Jeugd B"]
[Site "Helmond, Netherlands"]
[Date "2026.05.01"]
[Round "7.7"]
[White "Hallibert, Emilien"]
[Black "Roebers, Bregje"]
[Result "1-0"]
[TimeControl "90min/40moves + 30min + 30sec/move"]
[WhiteTitle "-"]
[BlackTitle "-"]
[WhiteFideId "1092561"]
[BlackFideId "1085174"]
[WhiteElo "1975"]
[BlackElo "1945"]

1. Nf3 d6 2. g3 g6 3. Bg2 Bg7 4. O-O e5 5. d3 f5 6. c4 Nc6 7. Nc3 Nf6 8. Rb1 a5 9. a3 O-O 10.
b4 axb4 11. axb4 Qe8 12. Nd5 Nxd5 13. cxd5 Na7 14. Nd2 Nb5 15. Bb2 g5 16. Ra1 Rb8 17. Nc4 f4 18. Na3 g4 19. Be4 Nxa3 20.
Rxa3 Qh5 21. Rc3 Rf6 22. Rxc7 Rh6 23. h4 Bf5 24. Bxf5 Qxf5 25. e4 Qh5 26. Qc2 Rf8 27. Rc8 Rhf6 28.
Rxf8+ Rxf8 29. Qc7 Qh6 30. Bc1 Qf6 31. Qd7 fxg3 32. Qxg4 gxf2+ 33. Kg2 Qg6 34. Qxg6 hxg6 35. Bg5 Rc8 36.
Be7 Rc3 37. Bxd6 Rxd3 38. Rxf2 Rd4 39. Re2 Bf6 40. Rf2 Kg7 41. Re2 Kh6 42. Kf3 Kh5 43. Bc5 Rd3+ 44. Re3 Rd2 45. Ra3 Kxh4 46.
Ra1 Kh5 47. Rh1+ Bh4 48. Bd6 Rd3+ 49. Ke2 Rd4 50. Ke3 Kg4 51. Rg1+ Kh5 52. Bxe5 Rxb4 53. Rd1 Bd8 54. Bd6 Ra4 55.
e5 1-0

[Event "NJSK 2026 Jeugd B"]
[Site "Helmond, Netherlands"]
[Date "2026.05.01"]
[Round "7.8"]
[White "Woldhuis, Marnik"]
[Black "Etienne, Ghilon"]
[Result "0-1"]
[TimeControl "90min/40moves + 30min + 30sec/move"]
[WhiteTitle "-"]
[BlackTitle "-"]
[WhiteFideId "1087096"]
[BlackFideId "1084267"]
[WhiteElo "1939"]
[BlackElo "1976"]

1. b4 e5 2. Bb2 Bxb4 3. Bxe5 Nf6 4. e3 O-O 5. Nf3 d5 6. Be2 c5 7. O-O Nc6 8. Bb2 Ba5 9. d3 d4 10.
exd4 cxd4 11. c3 dxc3 12. Nxc3 Re8 13. Rc1 Bg4 14. h3 Bh5 15. g4 Bg6 16. d4 Nd5 17. Nxd5 Qxd5 18. Bc4 Qd6 19.
Ne5 Nxe5 20. dxe5 Qe7 21. Qb3 h5 22. f4 hxg4 23. f5 Bh5 24. f6 Qb4 25. Qxb4 Bxb4 26. hxg4 Bxg4 27. Bxf7+ Kxf7 28.
Rc4 Be2 29. Rxb4 Bxf1 30. Rxb7+ Ke6 31. Kxf1 Rab8 32. Rxb8 Rxb8 33. fxg7 Rg8 34. Ba3 Rxg7 35. Bd6 Rb7 36. a3 Rb2 37.
Ke1 Kd5 38. Kf1 Ke4 39. e6 Kf3 40. Kg1 Rg2+ 41. Kh1 a6 42. e7 Rg8 43. Bc7 Re8 44. Bd6 Rg8 45. Kh2 Rc8 46. Kg1 Rc1+ 47.
Kh2 Re1 48. Bb4 Re6 49. Kg1 Re5 50. Kf1 Re2 51. Kg1 Re6 52. Kf1 Re4 53. Bc5 Re2 54. Bb4 Re6 55. Kg1 Kg3 56. Kf1 Re3 57.
Kg1 Re2 58. Kf1 Re6 59. Kg1 Kf3 60. Kf1 Ke3 61. Ke1 Kd3+ 62. Kd1 Kc4 63. Kc2 Re2+ 64. Kd1 Re6 65. Kc2 Kb5 66. Kb3 Re3+ 67.
Kb2 a5 68. Bd6 Kc6 69. Bf4 Rxe7 70. Kb3 Re4 71. Bd2 Kb5 72. Bc3 Rf4 73. Bd2 Rg4 74. Be1 Re4 75. Bd2 Rh4 76. Be1 Rh3+ 77.
Bc3 a4+ 78. Kb2 Kc4 79. Bb4 Rh2+ 80. Kb1 Kb3 81. Kc1 Rc2+ 82. Kb1 Rc4 83. Be7 Re4 84. Bb4 Rc4 85. Be7 Rc8 86. Bb4 Rc7 0-1

[Event "NJSK 2026 Jeugd B"]
[Site "Helmond, Netherlands"]
[Date "2026.05.01"]
[Round "7.9"]
[White "Yantur, Arda"]
[Black "Van Haaften, Jelle"]
[Result "1-0"]
[TimeControl "90min/40moves + 30min + 30sec/move"]
[WhiteTitle "-"]
[BlackTitle "-"]
[WhiteFideId "40102041"]
[BlackFideId "1096281"]
[WhiteElo "1750"]
[BlackElo "1882"]

1. e4 c6 2. d4 d5 3. exd5 cxd5 4. Bd3 Nc6 5. c3 Qc7 6. Ne2 Bg4 7. f3 Bd7 8. Bf4 e5 9. dxe5 Nxe5 10. O-O Bd6 11. Bg3 Nf6 12. a4 O-O 13. Qc2 g6 14. Na3 Bxa4 15.
Qxa4 Nxd3 16. Nb5 Qb6+ 17. Ned4 Bxg3 18. hxg3 Nxb2 19. Qa2 Nc4 20. Rfb1 a6 21. Na3 Qc7 22. Nac2 b5 23. Nb4 Qxg3 24. Nxa6 Qf4 25. Nxb5 h5 26.
Qf2 Rac8 27. Rd1 Rfe8 28. Rd4 Qg5 29. Na7 Rcd8 30. Nc7 Rf8 31. Nc6 Rd7 32. Nxd5 Rxd5 33. Ne7+ Kg7 34. Nxd5 Nxd5 35.
Rxc4 Rd8 36. Rc5 Qf4 37. Rd1 Nxc3 38. Rxd8 Qc1+ 39. Kh2 Qf4+ 40. g3 Ne4 41. Qd4+ 1-0